 Dungeon Crawl Stone Soup version 0.29-a0-422-gafbd6decc1 (console) character file.

Game seed: 11716581099122565742

5423 om the Basher (level 10, -3/147 HPs)
             Began as a Troll Berserker on May 18, 2022.
             Was an Elder of Trog.
             Hit by a large rock thrown by a cyclops (9 damage)
             ... on level 9 of the Dungeon.
             The game lasted 00:16:16 (6853 turns).

om the Basher (Troll Berserker)                     Turns: 6853, Time: 00:16:16

Health: -3/147     AC:  6    Str: 27    XL:     10   Next: 40%
Magic:  9/9        EV: 15    Int:  5    God:    Trog [****..]
Gold:   314        SH:  0    Dex: 21    Spells: 9/9 levels left

rFire   . . .      SeeInvis +   g - +0 giant club
rCold   . . .      Faith    .   (shield currently unavailable)
rNeg    + . .      Spirit   .   q - +2 robe "Tathrick" {Will++ Dex+4}
rPois   .          Reflect  .   (helmet restricted)
rElec   .          Harm     .   (no cloak)
rCorr   +          Rampage  .   (gloves unavailable)
Will    ++++.                   (boots unavailable)
Stlth   ..........              (no amulet)
HPRegen 2.14/turn               d - ring of see invisible
MPRegen 0.11/turn               l - ring "Xoarer" {rN+ rCorr Dex+6 Stlth+}

@: berserking (expiring), strong-willed, regenerating, very quick
A: large, unfitting armour, claws 3, regeneration 1, shaggy fur 1, tough skin 1
a: Renounce Religion, Berserk, Trog's Hand, Brothers in Arms


You were on level 9 of the Dungeon.
You worshipped Trog.
Trog was greatly pleased with you.
You visited 1 branch of the dungeon, and saw 9 of its levels.

You collected 424 gold pieces.
You spent 110 gold pieces at shops.

Inventory:

Hand Weapons
 g - a +0 giant club (weapon)
 m - a +2 whip of draining
 u - a +2 flail of holy wrath
Armour
 b - a +1 animal skin
 k - a +0 robe of cold resistance
 q - the +2 robe "Tathrick" (worn) {Will++ Dex+4}
   (You took it off a kobold on level 4 of the Dungeon)

   Dex:       It affects your dexterity (+4).
   Will:      It greatly increases your willpower.
Jewellery
 d - a ring of see invisible (left claw)
 l - the ring "Xoarer" (right claw) {rN+ rCorr Dex+6 Stlth+}
   (You found it on level 3 of the Dungeon)

   [ring of dexterity]

   Dex:       It affects your dexterity (+6).
   rN:        It protects you from negative energy.
   rCorr:     It protects you from acid and corrosion.
   Stlth:     It makes you more stealthy.
 B - an amulet of magic regeneration
 E - a +6 ring of strength
 H - a ring of fire
Wands
 v - a wand of acid (13)
 w - a wand of polymorph (7)
 I - a wand of flame (11)
Scrolls
 e - 2 scrolls of fog
 h - 3 scrolls of enchant weapon
 j - 4 scrolls of teleportation
 r - 2 scrolls of immolation
 s - a scroll of summoning
 t - 3 scrolls of vulnerability
 x - 2 scrolls of enchant armour
 y - a scroll of poison
 C - 3 scrolls of identify
 D - a scroll of brand weapon {unknown}
 G - a scroll of blinking {unknown}
Potions
 a - 5 potions of might
 c - 2 potions of resistance
 f - a potion of berserk rage
 i - 5 potions of curing
 n - 2 potions of flight
 o - 2 potions of lignification
 p - a potion of ambrosia
 z - a potion of invisibility
 A - 6 potions of attraction
 F - a potion of heal wounds {unknown}


   Skills:
 + Level 5.8 Fighting
 * Level 9.3 Maces & Flails
 * Level 8.5 Dodging
 - Level 3.0 Evocations


You had 9 spell levels left.
You didn't know any spells.
Your spell library was empty.

Dungeon Overview and Level Annotations

Branches:
Dungeon (9/15)             Temple (0/1) D:6
   Lair: D:8-11         Orc: D:9-12

Altars:
Okawaru
Sif Muna
Wu Jian

Shops:
D:3 ?   D:4 [(   D:6 *


Innate Abilities, Weirdness & Mutations

You are too large for most types of armour.
You have claws for hands.
Your natural rate of healing is unusually fast.
You are covered in fur. (AC +1)
You have tough skin. (AC +1)


Message History

You hammer the yak like a gong!!!
You feel the power of Trog in you as your rage grows.
You kill the yak!
Trog accepts your kill.
You feel sick.
You are no longer poisoned.
The yak gores you! The yak gores you.
* * * LOW HITPOINT WARNING * * *
You barely miss the yak. You flatten the yak like a pancake!!!
You kill the yak!
Trog accepts your kill.
You can now call in reinforcements.
The yak gores you!
* * * LOW HITPOINT WARNING * * *
You hit the yak.
The yak is lightly wounded.
The yak gores you!
* * * LOW HITPOINT WARNING * * *
You barely miss the yak. The yak closely misses you. The yak misses you.
You bludgeon the yak!!
The yak is heavily wounded.
You barely miss the yak. The yak barely misses you. The yak gores you.
* * * LOW HITPOINT WARNING * * *
You bludgeon the yak!!
The yak is almost dead.
The yak barely misses you. The yak closely misses you.
You bludgeon the yak!!
You kill the yak!
Trog accepts your kill.
The cyclops throws a large rock.
The large rock hits you!!
* * * LOW HITPOINT WARNING * * *
The yak gores you but does no damage.
You hit the yak.
The yak is severely wounded.
You hit the yak but do no damage.
The yak is severely wounded.
The yak gores you.
* * * LOW HITPOINT WARNING * * *
The cyclops throws a large rock.
The large rock hits you!
You die...

##
#..........###...#...#
.#
#...#........###.#.9.#
.# #...#
#........###<.># .#
#...# #........#####
## #...# #.........#.
.. #...#
####.#.........
####...#
#......C...(...
)......#
#.....Y†###....
####.#.###.(...†@# ..#
...#.#.#.........#
...#.#)#.###.....#
..('......##.....#
...##.....##.....#
..........##.....#
####.#.#+###.....#
.....#.#......#.##
######.#......#.#


You could see a cyclops and a yak.

Vanquished Creatures
  A guardian serpent (shapeshifter) (D:9)
  A hornet (D:9)
  14 yaks
  A basilisk (D:9)
  2 water moccasins (D:7)
  A black bear (D:6)
  An orc warrior (D:6)
  2 ice beasts
  2 ogres
  2 centaurs (D:4)
  2 bullfrogs
  A kobold brigand (D:8)
  2 gnoll sergeants
  A scorpion (D:5)
  7 wights (D:9)
  6 killer bees
  A howler monkey (D:5)
  2 jellies
  5 orc priests
  5 hounds
  3 iguanas (D:6)
  Robin (D:4)
  10 gnolls
  12 adders
  4 white imps
  2 worms
  25 orcs
  12 ball pythons
  5 bats
  6 endoplasms
  5 giant cockroaches
  13 goblins
  10 hobgoblins
  8 kobolds
  A quokka (D:1)
  3 frilled lizards
  3 rats
182 creatures vanquished.

Notes
Turn   | Place    | Note
-------+----------+-------------------------------------------
     0 | D:1      | om the Troll Berserker began the quest for the Orb.
     0 | D:1      | Reached XP level 1. HP: 22/22 MP: 0/0
   160 | D:1      | Reached XP level 2. HP: 29/29 MP: 1/1
   169 | D:1      | Reached skill level 3 in Maces & Flails
  1005 | D:2      | Reached XP level 3. HP: 36/36 MP: 2/2
  1096 | D:2      | Found a faded altar of an unknown god.
  1254 | D:2      | Found an iron altar of Okawaru.
  1305 | D:2      | You fall into a shaft and drop 1 floor!
  1351 | D:3      | Reached ** piety under Trog
  1373 | D:3      | Identified the ring "Xoarer" {rN+ rCorr Dex+6 Stlth+}
  1407 | D:3      | Reached XP level 4. HP: 44/44 MP: 3/3
  1747 | D:2      | Reached XP level 5. HP: 50/53 MP: 4/4
  2568 | D:3      | Found Pana's Magic Scroll Shop.
  2576 | D:3      | Bought a scroll of identify for 22 gold pieces
  2576 | D:3      | Bought a scroll of identify for 22 gold pieces
  2576 | D:3      | Bought 3 scrolls of identify for 66 gold pieces
  2598 | D:3      | Reached skill level 4 in Maces & Flails
  2605 | D:3      | Noticed an ogre
  2611 | D:3      | Killed an ogre
  2811 | D:4      | Found Jighot's Antique Armour Boutique.
  2836 | D:4      | Reached XP level 6. HP: 58/61 MP: 5/5
  3013 | D:4      | Identified the +2 robe "Tathrick" {Will++ Dex+4}
  3107 | D:4      | Reached skill level 5 in Maces & Flails
  3109 | D:4      | Reached XP level 7. HP: 68/68 MP: 6/6
  3313 | D:4      | Identified the +0 helmet "Inguuppy" {+Inv rN+ Will-}
  3313 | D:4      | Noticed Robin
  3319 | D:4      | Reached *** piety under Trog
  3322 | D:4      | Killed Robin
  3545 | D:4      | Found Boxopred's Antique Weapon Shop.
  3595 | D:5      | Entered Level 5 of the Dungeon
  3643 | D:5      | Reached skill level 5 in Dodging
  3824 | D:5      | Identified the +2 pair of gloves of Hepliaklqana's Regard
                  | {Rampage}
  3854 | D:5      | Reached skill level 6 in Maces & Flails
  3881 | D:5      | Reached XP level 8. HP: 65/78 MP: 7/7
  3980 | D:5      | Found an ornate altar of the Wu Jian Council.
  4184 | D:6      | Found a staircase to the Ecumenical Temple.
  4351 | D:6      | Reached skill level 1 in Evocations
  4420 | D:6      | Found Munatram's Overcharged Wands.
  4847 | D:7      | Reached skill level 7 in Maces & Flails
  5204 | D:7      | Found a shimmering blue altar of Sif Muna.
  5553 | D:8      | Reached **** piety under Trog
  5563 | D:8      | Reached XP level 9. HP: 85/85 MP: 8/8
  6107 | D:9      | Noticed a gargoyle
  6112 | D:9      | Noticed a brown ugly thing
  6277 | D:8      | Reached skill level 5 in Fighting
  6277 | D:8      | Reached skill level 8 in Maces & Flails
  6391 | D:9      | Reached XP level 10. HP: 77/96 MP: 9/9
  6641 | D:9      | Noticed a cyclops
  6825 | D:9      | Noticed a guardian serpent
  6836 | D:9      | Noticed a cyclops
  6839 | D:9      | Reached skill level 9 in Maces & Flails
  6842 | D:9      | Killed a guardian serpent
  6851 | D:9      | HP: 4/147 [cyclops/large rock (26)]
  6853 | D:9      | Hit by a large rock thrown by a cyclops

Illustrated notes

Levels and vault maps discovered:
D:1:      dpeg_arrival_lava_altar, layout_basic
D:2:      layout_basic, basic_altar, hellmonk_ecumenical_altar_leap_of_faith,
          corexii_hall_statues_u, minmay_snake_closets
D:3:      minmay_evil_eye, layout_loops_corners, serial_shops,
          nicolae_shop_stone
D:4:      nicolae_cairo_tiling_large, layout_loops_ring, serial_shops,
          nicolae_square_shop, nicolae_diamond_shop, uniq_robin
D:5:      layout_rooms, nicolae_wu_jian_glorious_leap
D:6:      layout_loops_cross, minmay_temple_entry_purple_smoke,
          grunt_ministairs_1, nicolae_shop_overcharged_wands
D:7:      layout_rooms, kennysheep_mini_moat
D:8:      layout_basic
D:9:      minmay_diamond_stairs, layout_basic, corexii_leaking_fountain,
          nicolae_shop_self_help

Skill      XL: |  1  2  3  4  5  6  7  8  9 10 |
---------------+-------------------------------+-----
Maces & Flails | 3 4 5 6 7 8 9 |  9.3
Dodging        | 3 4 5 6 7 8 |  8.5
Fighting       | 3 4 5 |  5.8
Evocations     | 1 3 |  3.0

Action                   |  1- 3 |  4- 6 |  7- 9 | 10-12 || total
-------------------------+-------+-------+-------+-------++-------
Melee: Mace              |    97 |    14 |       |       ||   111
       Whip              |       |    66 |   128 |       ||   194
       Punch             |       |     1 |     2 |       ||     3
       Giant club        |       |       |   164 |    38 ||   202
       Flail             |       |       |       |     2 ||     2
Invok: Berserk           |       |     3 |     9 |     1 ||    13
       Trog's Hand       |       |       |     1 |     1 ||     2
       Brothers in Arms  |       |       |       |     1 ||     1
  Use: Scroll            |     5 |     8 |     6 |       ||    19
       Potion            |     1 |     2 |     1 |       ||     4
 Stab: Sleeping          |       |     5 |     7 |       ||    12
Armor: Animal skin       |    43 |    30 |       |       ||    73
       Robe              |       |    12 |    63 |     5 ||    80
Dodge: Dodged            |    46 |    60 |   260 |    30 ||   396

Table legend: (Time is in decaauts)
 A = Elapsed time spent in this place.
 B = Non-inter-level travel time spent in this place.
 C = Inter-level travel time spent in this place.
 D = Time resting spent in this place.
 E = Time spent auto-exploring this place.
 F = Levels seen in this place.
 G = Mean time per level.
                   A        B        C        D        E       F      G
               +--------+--------+--------+--------+--------+-----+--------+
         Total |   6974 |   6679 |    295 |    867 |   4259 |   9 |  774.9 |
       Dungeon |   6974 |   6679 |    295 |    867 |   4259 |   9 |  774.9 |
               +--------+--------+--------+--------+--------+-----+--------+

Top non-repeatable levels by time:
     D:3: 989 daAuts
     D:8: 943 daAuts
     D:1: 931 daAuts
     D:2: 863 daAuts
     D:4: 852 daAuts
     D:7: 650 daAuts
     D:6: 611 daAuts
     D:9: 609 daAuts
     D:5: 522 daAuts
